 Dungeon Crawl Stone Soup version bcrawl-1.21.2-1-g32d02e0829 (webtiles) character file.

Game seed: 2537203636722573143

46 Mrkan the Chopper (level 3, -4/28 HPs)
             Began as a Demonspawn Gladiator on Feb 19, 2020.
             Killed from afar by Sigmund (11 damage)
             ... with a magic dart
             ... on level 2 of the Dungeon.
             The game lasted 00:01:31 (1284 turns).

Mrkan the Chopper (Demonspawn Gladiator)            Turns: 1284, Time: 00:01:31

Health: -4/28      AC:  5    Str: 15    XL:     3   Next: 44%
Magic:  3/3        EV: 13    Int:  9    God:
Gold:   57         SH:  0    Dex: 14    Spells: 2/2 levels left

rFire    . . .     SeeInvis .   a - +0 war axe
rCold    . . .     Gourm    .   (no shield)
rNeg     . . .     Faith    .   b - +0 leather armour
rPois    .         Spirit   .   c - +0 helmet
rElec    .         Reflect  .   (no cloak)
rCorr    .         Harm     .   (no gloves)
MR       .....                  (no boots)
Stlth    +.........             (no amulet)
HPRegen  0.09/turn              (no ring)
MPRegen  0.08/turn              (no ring)

@: no status effects
A: hooves 1, rugged brown scales 1
a: no special abilities


You were on level 2 of the Dungeon.
You were not hungry.

You visited 1 branch of the dungeon, and saw 2 of its levels.

You collected 57 gold pieces.

Inventory:

Hand Weapons
 a - a +0 war axe (weapon)
Missiles
 d - 3 throwing nets (quivered) {!f}
Armour
 b - a +0 leather armour (worn)
 c - a +0 helmet (worn)
 k - a +0 buckler
Scrolls
 f - a scroll of remove curse {unknown}
 g - 3 scrolls of identify {unknown}
 h - a scroll of teleportation {unknown}
Potions
 i - a potion of lignification {unknown}
 j - a potion of heal wounds {unknown}
 l - a potion of cancellation {unknown}
 m - a potion of haste {unknown}
Comestibles
 e - 3 rations {!d}


   Skills:
 + Level 2.4 Fighting
 * Level 3.3 Axes
 - Level 1.7 Throwing
 + Level 1.0 Armour
 + Level 3.0 Dodging


You had 2 spell levels left.
You didn't know any spells.
Your spell library was empty.

Dungeon Overview and Level Annotations

Branches:
Dungeon (2/12)

Altars:

Annotations:
D:2 Sigmund, Terence


Innate Abilities, Weirdness & Mutations

You have large cloven feet.
You are partially covered in rugged brown scales. (AC +1, +3% HP)


Message History

You miss something. You hit the bat.
You kill the bat!
You closely miss the hobgoblin. You closely miss the giant cockroach.
Something hits you but does no damage. The giant cockroach closely misses you.
The hobgoblin hits you.
* * * LOW HITPOINT WARNING * * *
You closely miss something. You hit the giant cockroach.
You barely miss the hobgoblin. You closely miss the rat.
The giant cockroach bites you but does no damage.
Terence the Incautious comes into view.
He is wielding a +0 morningstar.
The hobgoblin barely misses you. The rat misses you.
You hear some strange, mumbled words.
Something tries to affect you, but you resist.
The giant cockroach misses you. The hobgoblin closely misses you.
The rat closely misses you. Something barely misses you.
The rat bites you but does no damage.
You see here a bat corpse.
A magic dart appears from out of thin air!
The magic dart hits you!
You die...

## #### . #...## .#
#.#..######.#########
###.##..(.#...$... ...
........#...#.#.# ..
#.............######.
#......[.............
#..#@####....##......
... #s.# #†.#########.
.....#r†###..# ######
......g....).# #.....
.......g...†.# #.....
.............#####.....
..@.................###
.#...........######...#
#.#..###..#.# ###.#


You could see a giant cockroach, a hobgoblin, a goblin and a rat.

Vanquished Creatures
  A worm (D:2)
  3 dart slugs (D:2)
  A leopard gecko (D:1)
  A ball python (D:1)
  5 bats
  4 giant cockroaches
  5 goblins
  2 hobgoblins (D:1)
  2 jackals (D:2)
  3 kobolds
  3 frilled lizards (D:1)
  4 rats (D:1)
34 creatures vanquished.

Notes
Turn   | Place    | Note
-------+----------+-------------------------------------------
     0 | D:1      | Mrkan the Demonspawn Gladiator began the quest for the Orb.
     0 | D:1      | Reached XP level 1. HP: 16/16 MP: 1/1
   248 | D:1      | Gained mutation: You have large cloven feet. [demonic
                  | ancestry]
   248 | D:1      | Reached XP level 2. HP: 20/22 MP: 2/2
   911 | D:2      | Gained mutation: You are partially covered in rugged brown
                  | scales. (AC +1, +3% HP) [demonic ancestry]
   911 | D:2      | Reached XP level 3. HP: 6/28 MP: 3/3
  1006 | D:2      | Reached skill level 1 in Armour
  1264 | D:2      | Noticed Sigmund
  1281 | D:2      | Noticed Terence
  1284 | D:2      | Killed from afar by Sigmund

Skill      XL: |  1  2  3 |
---------------+----------+-----
Axes           | 3 |  3.3
Dodging        | 3 |  3.0
Armour         | 1 |  1.0
Fighting       | |  2.4
Throwing       | |  1.7

Action                   || total
-------------------------++-------
Melee: War axe           ||    70
       Kick              ||    17
  Eat: Chunk             ||     1
Armor: Leather armour    ||    29
Dodge: Dodged            ||    70
